 Dungeon Crawl Stone Soup version 0.32-a0-41-gec2d92a32c (webtiles) character file.

Game seed: 15013726509219077772

422 grandjackal the Changeling (level 6, -3/48 HPs)
             Began as a Merfolk Shapeshifter on Jan 25, 2024.
             Was an Initiate of Gozag.
             Incinerated by a bombardier beetle (5 damage)
             ... with a burning spray
             ... on level 4 of the Dungeon.
             The game lasted 00:05:30 (4097 turns).

grandjackal the Changeling (Merfolk Shapeshifter)   Turns: 4097, Time: 00:05:31

Health: -3/48      AC:  2    Str: 17    XL:     6   Next: 95%
Magic:  6/6        EV: 14    Int:  9    God:    Gozag
Gold:   646        SH:  0    Dex: 13    Spells: 5/5 levels left

rFire   . .          .
                       - Unarmed
rCold   . . .        (no shield)
rNeg    . . .        a - +0 animal skin
rPois   .            (helmet currently unavailable)
rElec   .            (cloak currently unavailable)
rCorr   .            (gloves currently unavailable)
SInv    .            (boots currently unavailable)
Will    .....        (no amulet)
Stlth   +            r - ring of wizardry
HPRegen 0.28/turn    (no ring)
MPRegen 0.10/turn

%: wizardry (x1)
@: on fire, beast-form, gold aura, glowing
A: beast (slay +3), (nimble swimmer 2), mertail
a: Begin Untransformation, Renounce Religion, Potion Petition, Call Merchant,
Bribe Branch


You were on level 4 of the Dungeon.
You worshipped Gozag.
Gozag was pleased with you.
You were a hulking beast.
You visited 1 branch of the dungeon, and saw 4 of its levels.

You collected 778 gold pieces.
You spent 40 gold pieces at shops.
You paid 92 gold pieces to Gozag.

Inventory:

Armour
 a - a +0 animal skin (worn)
 o - a +0 cloak
 p - a +0 pair of gloves
Jewellery
 r - a ring of wizardry (left hand)
 t - a +6 ring of strength
Talismans
 c - a beast talisman
 d - a flux talisman
Scrolls
 f - a scroll of brand weapon {unknown}
 g - 3 scrolls of blinking {unknown}
 h - 3 scrolls of teleportation {unknown}
 i - 2 scrolls of noise {unknown}
 j - 2 scrolls of enchant armour {unknown}
 l - 2 scrolls of identify {unknown}
 n - a scroll of fear
 u - a scroll of amnesia {unknown}
Potions
 b - 2 potions of lignification
 e - a potion of magic {unknown}
 k - 2 potions of haste {unknown}
 m - 2 potions of mutation {unknown}
 q - 2 potions of degeneration {unknown}
 s - a potion of ambrosia {unknown}


   Skills:
 + Level 3.8 Fighting
 + Level 5.1 Dodging
 + Level 5.0 Unarmed Combat
 + Level 5.8 Shapeshifting


You had 5 spell levels left.
You didn't know any spells.
Your spell library contained the following spells:

 Spells                   Type           Power      Damage    Failure   Level
 Static Discharge         Conj/Air       0%         3-3/arc   24%         2
 Airstrike                Air            0%         2d(0-16)  82%         4
 Summon Lightning Spire   Summ/Air       0%         N/A       82%         4


Dungeon Overview and Level Annotations

Branches:
Dungeon (4/15)
 Temple: D:4-7

Altars:
Gozag

Shops:
D:2 ?

Annotations:
D:3 1 runed translucent door, Azoth's ghost, amateur DrSh


Innate Abilities, Weirdness & Mutations

You are a hulking beast.
Your limbs bulge with bestial killing power. (Slay +3)
((You are very nimble when in or above water. (Stealth+, EV+, Speed+++)))
Your lower body shifts to a powerful aquatic tail in water.


Message History

The liquid fire burns you!
You hit the bombardier beetle.
The bombardier beetle is heavily wounded.
The liquid fire burns you!
The bombardier beetle barely misses you.
You shake off some of the fire as you move.
The liquid fire burns you!
The bombardier beetle sprays incendiary fluid at you.
The burning spray hits you.
You are even more covered in liquid fire!
You shake off some of the fire as you move.
The liquid fire burns you!
You shake off the liquid fire.
The bombardier beetle sprays incendiary fluid at you.
The burning spray hits you.
You are covered in liquid fire!
You hit the bombardier beetle but do no damage.
The bombardier beetle is heavily wounded.
The liquid fire burns you!
You shake off some of the fire as you move.
The liquid fire burns you!
* * * LOW HITPOINT WARNING * * *
The bombardier beetle sprays incendiary fluid at you.
The burning spray hits you.
You are even more covered in liquid fire!
You shake off some of the fire as you move.
The liquid fire burns you!
* * * LOW HITPOINT WARNING * * *
You punch the bombardier beetle!
You kill the bombardier beetle!
The liquid fire burns you!
* * * LOW HITPOINT WARNING * * *
Your Unarmed Combat skill increases to level 5!
You shake off some of the fire as you move.
The liquid fire burns you!
* * * LOW HITPOINT WARNING * * *
You shake off some of the fire as you move.
The liquid fire burns you!
You die...
Your body crumbles into a pile of gold.

.....####.###.#####
#.#...............#
....######........#
#.#.........#..#..######
#.#.........##.#........
#.#.........#...........
..#...........).........
#.#.....<...#..#..####
#.#######.......h.# ..#
###.##.$#.# #.#
#.###.#.# #.# #.# #.#.#
..# #.. ....#
###############.##.
#...#.<.......... .
....#.....###..## .
#.........# . ..


There were no monsters in sight!

Vanquished Creatures
  A kobold brigand (D:3)
  A scorpion (D:4)
  A bombardier beetle (D:4)
  Jessica (D:2)
  9 gnolls (D:3)
  3 adders
  A dart slug (D:3)
  A ribbon worm (D:2)
  4 orcs (D:3)
  4 endoplasms
  2 giant cockroaches
  5 goblins
  7 hobgoblins
  8 jackals
  44 kobolds
  3 quokkas
  5 ball pythons
  5 bats
  3 frilled lizards
  4 rats
112 creatures vanquished.

Notes
Turn   | Place    | Note
-------+----------+-------------------------------------------
     0 | D:1      | grandjackal the Merfolk Shapeshifter began the quest for
                  | the Orb.
     0 | D:1      | Reached XP level 1. HP: 15/15 MP: 1/1
   120 | D:1      | Found a faded altar of an unknown god.
   196 | D:1      | Reached XP level 2. HP: 13/21 MP: 2/2
   913 | D:2      | Noticed Jessica
   930 | D:2      | Killed Jessica
   931 | D:2      | Reached XP level 3. HP: 12/27 MP: 3/3
  1022 | D:2      | Found Sualaluu's Magic Scroll Boutique.
  1084 | D:2      | Bought a scroll of fear for 40 gold pieces
  1222 | D:2      | Reached XP level 4. HP: 29/33 MP: 4/4
  1437 | D:3      | Found a runed translucent door.
  1440 | D:3      | Noticed a bullfrog
  1442 | D:3      | Noticed Azoth's ghost (amateur DrSh)
  1557 | D:3      | Found an opulent altar of Gozag.
  1716 | D:3      | Became a worshipper of Gozag Ym Sagoz the Greedy
  2074 | D:3      | Reached XP level 5. HP: 39/39 MP: 5/5
  2088 | D:3      | Reached skill level 5 in Shapeshifting
  2503 | D:3      | Noticed a kobold brigand
  2549 | D:3      | Killed a kobold brigand
  2550 | D:3      | Reached XP level 6. HP: 8/47 MP: 6/6
  3994 | D:4      | Reached skill level 5 in Dodging
  4096 | D:4      | Reached skill level 5 in Unarmed Combat
  4096 | D:4      | HP: 2/48 [burnt (5)]
  4097 | D:4      | Incinerated by a bombardier beetle

Illustrated notes

Levels and vault maps discovered:
D:1:      tarquinn_simple_flora_water_d, layout_basic,
          ebering_ecumenical_altar_mist, chequers_decorated_corner
D:2:      layout_basic, serial_shops, nicolae_shop_tiny_statue_garden,
          uniq_jessica
D:3:      minmay_goblin_kobold_castle, layout_basic, nicolae_gozag_seed_capital,
          ebering_ghost_sewer_d, serial_park_tiny_1,
          minmay_randomly_rotated_circles
D:4:      layout_loops_cross, lightli_sewer_entry_pipes, uniq_ijyb, uniq_sigmund

Skill      XL: |  1  2  3  4  5  6 |
---------------+-------------------+-----
Dodging        | 3 4 5 |  5.1
Fighting       | 2 3 |  3.8
Unarmed Combat | 4 5 |  5.0
Shapeshifting  | 5 |  5.8

Action                     |  1- 3 |  4- 6 || total
---------------------------+-------+-------++-------
  Melee: Unarmed           |   103 |   246 ||   349
         Punch             |     4 |     5 ||     9
         Tailslap          |       |     2 ||     2
   Stab: Sleeping          |       |     1 ||     1
 Armour: Animal skin       |    42 |   141 ||   183
  Dodge: Dodged            |    84 |   171 ||   255

Table legend: (Time is in decaauts)
 A = Elapsed time spent in this place.
 B = Non-inter-level travel time spent in this place.
 C = Inter-level travel time spent in this place.
 D = Time resting spent in this place.
 E = Time spent auto-exploring this place.
 F = Levels seen in this place.
 G = Mean time per level.
                   A        B        C        D        E       F      G
               +--------+--------+--------+--------+--------+-----+--------+
         Total |   3952 |   3872 |     80 |    563 |   2326 |   4 |  988.0 |
       Dungeon |   3952 |   3872 |     80 |    563 |   2326 |   4 |  988.0 |
               +--------+--------+--------+--------+--------+-----+--------+

Top non-repeatable levels by time:
     D:3: 2342 daAuts
     D:1: 779 daAuts
     D:2: 694 daAuts
     D:4: 135 daAuts
